Map: Ice and Chrome LE

Players

Nina - Winner!

  • Race: Protoss Protoss
  • League: Grandmaster
  • Spawn Location: 7:00

PiLiPiLi

  • Race: Protoss Protoss
  • League: Grandmaster
  • Spawn Location: 1:00

Event: DreamHack SC2 Masters 2020 Fall

VOD

Have the link to the VOD?

Description

Time

  • Played on: Sept. 4, 2020, 5:46 p.m.
  • Length: 12:50

All games in this series

Show
View Real Time Build Order
Export as new Build Order

Nina Protoss - Winner!

Build Orders:  

Get SALT Encoding   

  12  0:00  Probe  
  13  0:12  Probe  
  14  0:17  Pylon  
  14  0:24  Probe (Chrono Boost)  
  15  0:36  Probe (Chrono Boost)  
  15  0:37  Gateway  
  16  0:44  Probe (Chrono Boost)  
  16  0:46  Assimilator  
  17  0:50  Probe  
  17  0:54  Assimilator  
  18  1:03  Probe (Chrono Boost)  
  19  1:10  Gateway  
  19  1:12  Probe (Chrono Boost)  
  19  1:18  Probe (Chrono Boost)  
  20  1:25  Cybernetics Core  
  21  1:30  Probe  
  22  1:40  Pylon  
  22  1:42  Probe  
  24  2:02  Stalker x2  
  24  2:05  Robotics Facility  
  27  2:11  Warp Gate  
  27  2:17  Pylon  
  27  2:33  Stalker  
  27  2:34  Stalker  
  31  2:41  Gateway  
  31  2:51  Pylon  
  31  2:57  Observer (Chrono Boost)  
  32  2:59  Pylon  
  32  3:05  Stalker  
  32  3:07  Stalker  
  35  3:23  Warp Prism (Chrono Boost)  
  37  3:31  Shield Battery  
  37  3:35  Probe  
  38  3:47  Probe  
  39  3:59  Probe  
  40  4:05  Stalker x2  
  40  4:07  Stalker  
  46  4:11  Probe  
  46  4:21  Pylon  
  46  4:23  Probe  
  46  4:24  Observer  
  47  4:37  Twilight Council  
  47  4:40  Stalker  
  47  4:42  Stalker  
  51  4:46  Probe  
  50  5:03  Observer, Stalker x2  
  54  5:11  Stalker  
  54  5:14  Blink (Chrono Boost)  
  54  5:29  Pylon  
  52  5:47  Stalker  
  52  5:48  Stalker x2  
  58  5:51  Pylon  
  56  6:10  Stalker  
  56  6:11  Stalker x2  
  60  6:32  Stalker  
  62  6:33  Stalker  
  62  6:34  Stalker  
  62  6:37  Probe  
  67  6:46  Observer  
  67  6:52  Stalker  
  69  6:55  Pylon  
  67  7:06  Stalker  
  69  7:08  Stalker  
  65  7:31  Sentry  
  65  7:34  Nexus  
  67  7:44  Pylon  
  67  7:46  Sentry  
  69  8:00  Stalker  
  65  8:27  Stalker x2  
  65  8:28  Stalker  
  71  8:36  Probe  
  68  8:50  Stalker  
  68  8:51  Stalker  
  68  8:54  Stalker  
  72  9:00  Probe  
  71  9:12  Probe  
  70  9:17  Stalker x2  
  70  9:23  Observer  
  75  9:24  Probe  
  75  9:30  Probe  
  77  9:36  Stalker  
  77  9:37  Probe  
  78  9:40  Forge  
  78  9:42  Probe  
  77  9:54  Stalker x2  
  81  10:06  Stalker  
  75  10:18  Stalker  
  75  10:19  Stalker  
  70  10:42  Probe  
  70  10:43  Probe  
  70  10:44  Photon Cannon  
  70  10:45  Photon Cannon  
  70  10:48  Stalker x3  
  77  10:55  Assimilator  
  77  10:57  Assimilator  
  77  11:08  Gateway x2  
  77  11:16  Stalker x3  
  83  11:21  Photon Cannon  
  83  11:22  Probe  
  83  11:23  Pylon  
  84  11:46  Stalker x3  
  88  11:50  Observer (Chrono Boost)  
  87  12:00  Nexus  
  83  12:12  Stalker x2  
  87  12:27  Stalker x3  
  81  12:39  Stalker x2  
Show
View Real Time Build Order
Export as new Build Order

PiLiPiLi Protoss 

Build Orders: Proxy Void Ray 

Get SALT Encoding   

  12  0:00  Probe  
  13  0:12  Probe  
  14  0:17  Pylon  
  14  0:24  Probe  
  15  0:37  Probe (Chrono Boost)  
  15  0:40  Gateway  
  16  0:46  Assimilator, Probe (Chrono Boost)  
  17  0:51  Probe (Chrono Boost)  
  17  0:54  Assimilator  
  18  1:03  Probe (Chrono Boost)  
  19  1:07  Gateway  
  19  1:15  Probe (Chrono Boost)  
  20  1:21  Probe (Chrono Boost)  
  21  1:27  Cybernetics Core  
  21  1:29  Probe  
  22  1:34  Pylon  
  22  1:41  Probe  
  23  1:57  Probe  
  24  2:01  Warp Gate (Chrono Boost)  
  24  2:04  Adept x2  
  28  2:17  Pylon  
  28  2:21  Probe  
  29  2:24  Stargate  
  29  2:33  Probe  
  29  2:35  Stalker  
  29  2:36  Stalker  
  34  2:49  Pylon  
  34  3:01  Shield Battery  
  34  3:02  Void Ray  
  38  3:16  Pylon  
  38  3:36  Shield Battery  
  38  3:39  Void Ray  
  38  3:44  Adept x2  
  46  3:50  Pylon  
  46  3:57  Pylon  
  46  4:13  Void Ray (Chrono Boost)  
  46  4:15  Adept x2  
  50  4:21  Gateway  
  54  4:36  Stalker  
  56  4:51  Pylon  
  56  5:01  Void Ray  
  60  5:19  Robotics Facility  
  60  5:23  Nexus  
  60  5:24  Pylon  
  61  5:28  Probe  
  61  5:39  Void Ray  
  57  5:48  Shield Battery  
  61  5:52  Stalker  
  63  5:58  Probe  
  64  6:07  Observer (Chrono Boost)  
  65  6:14  Adept  
  65  6:16  Adept  
  67  6:20  Probe  
  68  6:29  Shield Battery  
  68  6:34  Immortal (Chrono Boost)  
  72  6:44  Probe  
  72  6:45  Probe  
  72  6:51  Gateway  
  70  6:55  Sentry  
  70  6:56  Zealot, Probe  
  71  7:04  Probe  
  72  7:08  Probe  
  72  7:12  Immortal (Chrono Boost)  
  71  7:23  Probe  
  71  7:26  Zealot x2  
  76  7:33  Void Ray (Chrono Boost)  
  78  7:44  Pylon  
  78  7:50  Zealot x3  
  84  7:53  Pylon  
  84  7:58  Assimilator  
  84  8:12  Zealot x3  
  82  8:18  Zealot x2, Pylon  
  80  8:24  Pylon  
  80  8:26  Pylon  
  80  8:29  Void Ray (Chrono Boost)  
  80  8:38  Robotics Facility  
  80  8:46  Stalker x2  
  77  8:59  Forge  
  75  9:08  Stalker  
  75  9:11  Zealot x2  
  75  9:13  Void Ray (Chrono Boost)  
  73  9:18  Probe  
  73  9:19  Probe  
  79  9:30  Immortal (Chrono Boost)  
  79  9:42  Assimilator  
  79  9:44  Zealot x3  
  79  10:00  Void Ray  
  77  10:07  Immortal (Chrono Boost)  
  77  10:08  Adept  
  77  10:12  Adept  
  79  10:15  Adept  
  64  10:30  Stalker  
  64  10:33  Stalker  
  62  10:40  Immortal (Chrono Boost)  
  60  10:50  Stalker  
  62  10:58  Probe  
  62  11:03  Probe  
  61  11:06  Sentry  
  61  11:08  Stalker  
  65  11:12  Observer  
  65  11:15  Probe  
  66  11:22  Void Ray  
  66  11:30  Probe  
  66  11:31  Probe  
  68  11:46  Stalker x2  
  68  11:55  Immortal (Chrono Boost)  
  68  11:58  Void Ray  
  68  12:21  Stalker x2  
  69  12:31  Stalker  

Tags
 
Add a new tag
Caveats
  • Supply blocks, unpowered buildings, or Contaminate may cause inaccurate times.
  • Supply counts are checked every 10 seconds.